 Dungeon Crawl Stone Soup version 0.21.1-1-g345015f (webtiles) character file.

95 letownia2 the Insei (level 4, 0/32 HPs)
             Began as a Merfolk Transmuter on Mar 14, 2018.
             Was an Initiate of Cheibriados.
             Slain by an ogre
             ... wielding a +0 giant club
              (29 damage)
             ... on level 4 of the Dungeon.
             The game lasted 00:05:43 (805 turns).

letownia2 the Insei (Merfolk Transmuter)             Turns: 805, Time: 00:05:44

Health: 0/32       AC:  2    Str: 12    XL:     4   Next: 66%
Magic:  14/16      EV: 21    Int: 13    God:    Cheibriados [......]
Gold:   104        SH:  0    Dex: 20    Spells: 3/7 levels left

rFire    . . .     SeeInvis .     - Unarmed
rCold    . . .     Gourm    .   (shield currently unavailable)
rNeg     . . .     Faith    .   (armour currently unavailable)
rPois    x         Spirit   .   (helmet currently unavailable)
rElec    .         Reflect  .   (cloak currently unavailable)
rCorr    .         Harm     .   (gloves currently unavailable)
MR       .....                  (boots currently unavailable)
Stlth    ++........             f - amulet of rage
HPRegen  0.10/turn              h - ring of magical power
MPRegen  0.15/turn              (no ring)

@: spider-form (expiring), slow
A: tiny, (change form in water), (swift swim), (stealthy swim)
a: End Transformation, Bend Time, Renounce Religion, Evoke Berserk Rage


You were on level 4 of the Dungeon.
You worshipped Cheibriados.
Cheibriados was noncommittal.
You were not hungry.
You were a venomous arachnid creature.
You visited 2 branches of the dungeon, and saw 5 of its levels.

You collected 104 gold pieces.

Inventory:

Hand Weapons
 m - a +0 blowgun
Missiles
 a - 41 arrows
 j - 3 curare-tipped needles
 n - 8 poisoned needles
Armour
 b - a +0 robe (melded)
 q - a +2 pair of boots
Jewellery
 f - an amulet of rage (around neck)
 h - a ring of magical power (left front leg)
Scrolls
 g - 2 scrolls of identify {unknown}
 i - a scroll of amnesia {unknown}
 p - a scroll of remove curse {unknown}
Potions
 e - 3 potions of heal wounds {unknown}
 o - a potion of curing {unknown}
Books
 c - a book of Changes

   Spells                             Type                      Level
   a - Beastly Appendage              Transmutation                1
   b - Sticks to Snakes               Transmutation                2
   c - Spider Form                    Transmutation/Poison         3
   d - Ice Form                       Ice/Transmutation            4
   e - Blade Hands                    Transmutation                5
 k - a book of Misfortune

   Spells                             Type                      Level
   a - Confusing Touch                Hexes                        1
   b - Confuse                        Hexes                        3
   c - Gell's Gravitas                Translocation                3
   d - Petrify                        Transmutation/Earth          4
   e - Metabolic Englaciation         Hexes/Ice                    5
   f - Yara's Violent Unravelling     Hexes/Transmutation          5
Comestibles
 d - 2 rations
 l - 2 chunks of flesh


   Skills:
 - Level 1.1 Fighting
 - Level 2.6 Dodging
 - Level 4.7 Unarmed Combat
 - Level 2.0 Spellcasting
 + Level 3.6 Transmutations
 + Level 2.1 Poison Magic


You had 3 spell levels left.
You knew the following spells:

 Your Spells              Type           Power        Failure   Level  Hunger
a - Beastly Appendage     Tmut           ##....       16%         1    ##.....
p - Spider Form           Tmut/Pois      #.........   43%         3    ####...


Dungeon Overview and Level Annotations

Branches:
Dungeon (4/15)             Temple (1/1) D:4

Altars:
Ashenzari
Cheibriados
Elyvilon
Fedhas
Nemelex Xobeh
Okawaru
Qazlal
Ru
Trog
Uskayaw
Vehumet
Wu Jian
Xom
Yredelemnul
Zin
The Shining One


Message History

You bite the howler monkey!
You kill the howler monkey!
Cheibriados appreciates the change of pace.
Your Poison Magic skill increases to level 2!
No target in view!
Found a glowing short sword.
An ogre comes into view. It is wielding a giant club.
You see here a howler monkey corpse.
Found a falchion.
You see here 10 arrows.
a - 41 arrows (gained 10)
Okay, then.
You aren't carrying any items that you can evoke.
Unknown command.
You bite the ogre!
The ogre is poisoned.
The ogre is moderately wounded.
Your transformation is almost over.
The ogre hits you with a giant club!!
Ouch! That really hurt!
You die...

).. #)# #.#
#.# #.# #.#
#O# #s# #†#
##.# #..#
########.###.#
.............#
#.######.#####
#.[.....#
#.######.#


You could see an ogre.

Vanquished Creatures
  A howler monkey (D:4)
  Natasha (D:4)
  2 adders (D:3)
  A worm (D:3)
  A bat (D:2)
  A goblin (D:2)
  3 hobgoblins
  A kobold (D:3)
  A quokka (D:3)
  A frilled lizard (D:3)
  2 rats
15 creatures vanquished.

Notes
Turn   | Place    | Note
-------+----------+-------------------------------------------
     0 | D:1      | letownia2 the Merfolk Transmuter began the quest for the Orb.
     0 | D:1      | Reached XP level 1. HP: 15/15 MP: 3/3
    66 | D:2      | Found a basalt altar of Yredelemnul.
   211 | D:2      | Found a radiant altar of Vehumet.
   225 | D:2      | Found a faded altar of an unknown god.
   355 | D:3      | Reached XP level 2. HP: 13/21 MP: 3/5
   425 | D:3      | Reached skill level 4 in Unarmed Combat
   470 | D:3      | Reached XP level 3. HP: 21/26 MP: 6/6
   582 | D:3      | Learned a level 3 spell: Spider Form
   667 | D:4      | Found a staircase to the Ecumenical Temple.
   674 | D:4      | Noticed Natasha
   682 | D:4      | Killed Natasha
   682 | D:4      | Reached skill level 1 in Poison Magic
   682 | D:4      | Reached XP level 4. HP: 25/32 MP: 7/7
   696 | Temple   | Entered the Ecumenical Temple
   719 | Temple   | Became a worshipper of Cheibriados the Contemplative
   801 | D:4      | Noticed an ogre
   805 | D:4      | Slain by an ogre

Skill      XL: |  1  2  3  4 |
---------------+-------------+-----
Unarmed Combat | 4 |  4.7
Transmutations | 3 |  3.6
Poison Magic   | 1 2 |  2.1
Fighting       | |  1.1
Dodging        | |  2.6
Spellcasting   | |  2.0

Action                   |  1- 3 |  4- 6 || total
-------------------------+-------+-------++-------
Melee: Unarmed           |    38 |     4 ||    42
       Headbutt          |     5 |       ||     5
 Cast: Beastly Appendage |     8 |       ||     8
       Spider Form       |     1 |     1 ||     2
 Abil: Evoke Berserk Rag |     3 |       ||     3
  Eat: Chunk             |     2 |       ||     2
Armor: Robe              |     3 |       ||     3
Dodge: Dodged            |    27 |     2 ||    29
